 Dungeon Crawl Stone Soup version 0.24-a0-516-g9de272bb65 (webtiles) character file.

Game seed: 8913418629040562166

1 vurker the Firebug (level 1, 0/11 HPs)
             Began as an Octopode Fire Elementalist on July 21, 2019.
             Slain by a kobold
             ... wielding a +0 dagger
              (4 damage)
             ... on level 1 of the Dungeon.
             The game lasted 00:00:16 (106 turns).

vurker the Firebug (Octopode Fire Elementalist)      Turns: 106, Time: 00:00:17

Health: 0/11       AC:  1    Str:  7    XL:     1   Next: 20%
Magic:  0/3        EV: 13    Int: 17    God:
Gold:   0          SH:  0    Dex: 12    Spells: 3/4 levels left

rFire    . . .     SeeInvis .   a - +0 dagger
rCold    . . .     Gourm    .   (no shield)
rNeg     . . .     Faith    .   (helmet restricted)
rPois    .         Spirit   .   (no amulet)
rElec    .         Reflect  .   (no ring)
rCorr    .         Harm     .   (no ring)
MR       .....                  (no ring)
Stlth    +++.......             (no ring)
HPRegen  0.03/turn              (no ring)
MPRegen  0.08/turn              (no ring)
                                (no ring)
                                (no ring)

@: no status effects
A: almost no armour, stealthy swim, amphibious, 8 rings, constrict 8, camouflage
1, gelatinous body 1
a: no special abilities


You were on level 1 of the Dungeon.
You were not hungry.

You visited 1 branch of the dungeon, and saw 1 of its levels.

Inventory:

Hand Weapons
 a - a +0 dagger (weapon)
   (You took it off a goblin on level 1 of the Dungeon)
Scrolls
 b - a scroll of teleportation {unknown}
 c - a scroll of identify {unknown}
 d - a scroll of noise {unknown}
Comestibles
 e - a ration {!d}


   Skills:
 + Level 0.0 Fighting
 - Level 2.0 Dodging
 - Level 2.6 Stealth
 * Level 2.0 Spellcasting
 * Level 1.0 Conjurations
 * Level 3.0 Fire Magic


You had 3 spell levels left.
You knew the following spells:

 Your Spells              Type           Power        Failure   Level  Hunger
a - Flame Tongue          Conj/Fire      #....        9%          1    #......

Your spell library contained the following spells:

 Spells                   Type           Power        Failure   Level  Hunger
 Throw Flame              Conj/Fire      #.....       13%         2    ###....
 Conjure Flame            Conj/Fire      #.......     26%         3    ###....
 Inner Flame              Hex/Fire       #.......     30%         3    ###....
 Sticky Flame             Conj/Fire      #.......     63%         4    #####..
 Fireball                 Conj/Fire      #.........   93%         5    ######.


Dungeon Overview and Level Annotations

Branches:
Dungeon (1/15)

Altars:


Innate Abilities, Weirdness & Mutations

You cannot wear most types of armour.
You are very stealthy in the water. (Stealth+)
You are amphibious.
You can wear up to eight rings at the same time.
You can use your tentacles to constrict eight enemies at once.
Your skin changes colour to match your surroundings (Stealth+).
Your rubbery body absorbs attacks. (AC +1, EV +1)


Message History

e - a ration Welcome, vurker the Octopode Fire Elementalist.
Will you be the one to retrieve the fabulous Orb of Zot from the depths?
Found 19 stones.
Found a staircase leading out of the dungeon.
Found a stone staircase leading down.
A goblin comes into view. It is wielding a +0 dagger.
There is a stone staircase leading down here.
The goblin shouts!
The goblin closely misses you.
You tentacle-slap the goblin. You grab the goblin. You constrict the goblin.
The goblin completely misses you.
Aim: a goblin, wielding a +0 dagger (severely wounded, constricted by you)
The flame tongue hits the goblin.
You kill the goblin!
You can't see any susceptible monsters within range! (Use Z to cast anyway.)
Found a scroll labeled ANAGHI GUPUSINUCZE.
You see here a +0 dagger.
a - a +0 dagger Wield which item (- for none, * to show all)? (? for menu, Esc to quit)
a - a +0 dagger (weapon)
Found a scroll labeled XAUNGO URAFF and a scroll labeled UDYOBLI NITI.
b - a scroll labeled ANAGHI GUPUSINUCZE
c - a scroll labeled XAUNGO URAFF
d - a scroll labeled UDYOBLI NITI A kobold comes into view.
It is wielding a +0 dagger.
A kobold is nearby!
A kobold is nearby!
The kobold shouts!
The kobold hits you with a +0 dagger.
You hit the kobold but do no damage. You grab the kobold.
You constrict the kobold. The kobold hits you with a +0 dagger.
* * * LOW HITPOINT WARNING * * *
Aim: a kobold, wielding a +0 dagger (moderately wounded, constricted by you)
The flame tongue hits the kobold but does no damage.
You constrict the kobold, but do no damage.
The kobold hits you with a +0 dagger.
* * * LOW HITPOINT WARNING * * *
You release your grip on the kobold.
Aim: a kobold, wielding a +0 dagger (moderately wounded)
The flame tongue hits the kobold.
The kobold barely misses you.
Aim: a kobold, wielding a +0 dagger (heavily wounded)
The flame tongue misses the kobold.
The kobold hits you with a +0 dagger.
You die...

#############
#...........#
#.#########.#
#.# #.###
############.#
#.#..
........K@...#
#.#..
###.........##
#.#..
##.######.#
#.#.. # #.#
#.#.. #.#
####.#.. #.#
#....... #.#
#.##.#.. #.#
#####.......
............


You could see a kobold.

Vanquished Creatures
  A goblin (D:1)
1 creature vanquished.

Notes
Turn   | Place    | Note
-------+----------+-------------------------------------------
     0 | D:1      | vurker the Octopode Fire Elementalist began the quest for
                  | the Orb.
     0 | D:1      | Reached XP level 1. HP: 11/11 MP: 3/3
   106 | D:1      | Slain by a kobold

Levels and vault maps discovered:
D:1:      psy_arrival_radial01, layout_loops_ring,
          minmay_misc_feat_secret_circle

Action                   || total
-------------------------++-------
Melee: Constrict         ||     2
       Dagger            ||     1
       Unarmed           ||     1
 Cast: Flame Tongue      ||     4
Dodge: Dodged            ||     3

Table legend:
 A = Non-vault XP
 B = Vault XP
 C = Vault XP percentage of total XP
 D = Non-vault monster count
 E = Vault monster count
 F = Vault count percentage of total count
                 A         B        C        D         E       F
            +---------+---------+-------+---------+---------+-------
      Total |       2 |       0 |   0.0 |       1 |       0 |   0.0
            +---------+---------+-------+---------+---------+-------
        D:1 |       2 |       0 |   0.0 |       1 |       0 |   0.0
            +---------+---------+-------+---------+---------+-------
